 Dungeon Sprint DCSS version 0.24-a0-250-g6074511092 (webtiles) character file.

Game seed: 11253479508243720315

32 Redear the Ducker (level 3, 0/19 HPs)
             Began as a Felid Fighter on Apr 15, 2019.
             Drowned by a water elemental (5 damage)
             ... in the Dungeon (Sprint III: "The Ten Rune Challenge").
             The game lasted 00:00:53 (110 turns).

Redear the Ducker (Felid Fighter)                    Turns: 110, Time: 00:00:53

Health: 0/19       AC:  1    Str: 12    XL:     3   Next: 10%
Magic:  4/4        EV: 22    Int: 10    God:
Gold:   21         SH:  0    Dex: 15    Spells: 2/2 levels left
                                        Lives:  0   Deaths: 1

rFire    . . .     SeeInvis +     - Unarmed
rCold    . . .     Gourm    .   (shield unavailable)
rNeg     . . .     Faith    .   (armour unavailable)
rPois    +         Spirit   .   (helmet unavailable)
rElec    .         Reflect  .   (cloak unavailable)
rCorr    .         Harm     .   (gloves unavailable)
MR       .....     NoTele   +   (boots unavailable)
Stlth    ++++......             (no amulet)
HPRegen  0.06/turn              (no ring)
MPRegen  0.09/turn              (no ring)

@: engulfed (cannot breathe), quick
A: very small, no armour, no weapons or thrown items, stealth, claws 1, fangs 3,
camouflage 1, see invisible, carnivore, speed 1, poison resistance, shaggy fur
1, slow metabolism 1, sharp paws
a: no special abilities


You were in the Dungeon.
You were not hungry.

You visited 1 branch You collected 21 gold pieces.

Inventory:

Scrolls
 c - a scroll of immolation {unknown}
 e - 3 scrolls of identify
 h - 2 scrolls of remove curse {unknown}
 j - a scroll of holy word {unknown}
 B - a scroll of blinking {@r4}
Potions
 a - a potion of might {Str+5 DMG+1d10 | @q3}
 b - a potion of mutation {!q}
 d - a potion of heal wounds {@q1}
 f - 2 potions of magic
 g - a potion of berserk rage
 i - 2 potions of flight {unknown}
 H - a potion of haste {@q5}
 Q - 2 potions of curing {@q2}
Comestibles
 z - 4 rations


   Skills:
 + Level 5.0 Fighting
 + Level 6.6 Dodging
 + Level 5.5 Stealth
 + Level 5.6 Unarmed Combat


You had 2 spell levels left.
You didn't know any spells.
Your spell library was empty.

Dungeon Overview and Level Annotations

Branches:
Dungeon (1/1)

Altars:


Innate Abilities, Weirdness & Mutations

You cannot wear armour.
You are incapable of wielding weapons or throwing items.
Your paws allow you to move quietly. (Stealth)
You have sharp claws.
You have razor-sharp teeth.
You have supernaturally acute eyesight. (SInv)
You are carnivorous and can eat meat at any time.
You cover ground quickly.
You are covered in fur. (AC +1)
You have a slow metabolism.
Your sharp claws are effective at attacking unaware monsters.
Your skin changes colour to match your surroundings (Stealth+).
Your system is resistant to poisons. (rPois)


Message History

You take 5 damage, and have 4/23 hp.
MASSIVE DAMAGE!!
You scratch the water elemental but do no damage.
You claw the water elemental.
The water elemental is almost destroyed.
You die...
Your lungs strain for air!
The water elemental barely misses you.
You are now level 3!
You rejoin the land of the living...
Health restored: 19 You now have 4/4 mp.
You see here a human corpse.
The water elemental hits you!
Ouch! That really hurt!
* * * LOW HITPOINT WARNING * * *
The water elemental engulfs you in water!
You take 14 damage, and have 5/19 hp.
MASSIVE DAMAGE!!
You scratch the water elemental but do no damage.
The water elemental is almost destroyed.
You die...

▓▓▓▓▓▓▓▓▓▓▓ ▓▓▓
<.#..'....♣♣♣ ♣.#
..#..#......♣ ♣.#
#'####..†.♣.♣ ♣♣.#
.....#....≈♣♣ ♣..###+#+##
.....#...≈≈.♣♣♣♣.#.......
.....#..≈≈≈≈♣.♣..†.⌠.....
####'#..≈≈≈≈≈≈♣♣.#...####
)...†#.≈≈≈≈≈≈..E@#.⌠.#
.†...#.≈≈≈≈≈.....#...#
.....#.≈≈≈....†..#+###
'#####...........#
.................#
▓▓▓▓▓▓▓▓▓▓▓▓▓▓▓▓▓▓


You could see a water elemental.

Vanquished Creatures
  A scorpion (D)
  A human (D)
  2 oozes (D)
  2 rats (D)
6 creatures vanquished.

Vanquished Creatures (others)
  2 hellions (D)
  4 plants (D)
6 creatures vanquished.

Grand Total: 12 creatures vanquished

Notes
Turn   | Place    | Note
-------+----------+-------------------------------------------
     0 | D        | Redear the Felid Fighter began the quest for the Orb.
     0 | D        | Reached XP level 1. HP: 10/10 MP: 2/2
     5 | D        | Reached skill level 2 in Stealth
     8 | D        | Reached XP level 2. HP: 14/14 MP: 3/3
    43 | D        | Reached skill level 4 in Fighting
    43 | D        | Reached skill level 5 in Dodging
    43 | D        | Reached skill level 4 in Stealth
    43 | D        | Reached skill level 5 in Unarmed Combat
    43 | D        | Reached XP level 3. HP: 18/18 MP: 4/4
    51 | D        | Noticed a scorpion
    65 | D        | Killed a scorpion
    65 | D        | Reached skill level 5 in Fighting
    65 | D        | Reached skill level 6 in Dodging
    65 | D        | Reached skill level 5 in Stealth
    65 | D        | Reached XP level 4. HP: 23/23 MP: 5/5
    81 | D        | Gained mutation: You are clumsy. (Dex -2) [potion of
                  | mutation]
    81 | D        | Gained mutation: You are partially covered in yellow
                  | scales. (AC +2) [potion of mutation]
    82 | D        | Lost mutation: You are clumsy. (Dex -2) [potion of
                  | mutation]
    82 | D        | Lost mutation: You are partially covered in yellow scales.
                  | (AC +2) [potion of mutation]
    82 | D        | Gained mutation: Your skin changes colour to match your
                  | surroundings (Stealth+). [potion of mutation]
    82 | D        | Gained mutation: Your system is resistant to poisons.
                  | (rPois) [potion of mutation]
    99 | D        | Noticed a water elemental
    99 | D        | Killed a hellion
    99 | D        | Killed a hellion
   105 | D        | Drowned by a water elemental
   106 | D        | Reached XP level 3. HP: -1/19 MP: 4/4
   110 | D        | Drowned by a water elemental

Levels and vault maps discovered:
D:        dungeon_sprint_mu [sprint_mu_entry_forest, sprint_mu_temple_rooms,
          sprint_mu_d1_horrors, sprint_mu_d2_genie, sprint_mu_d3_branching,
          sprint_mu_orc_legion, sprint_mu_elf_gauntlet, sprint_mu_hive_nellie,
          sprint_mu_lair_fedhas, sprint_mu_vaults_butterflies,
          sprint_mu_slime_circle, sprint_mu_swamp_cave, sprint_mu_shoals_kraken,
          sprint_mu_blade_basic, sprint_mu_crypt_lich, sprint_mu_tomb_spiral,
          sprint_mu_vestibule_basic, sprint_mu_gehenna_hellfire,
          sprint_mu_dis_giant, sprint_mu_tartarus_statrot,
          sprint_mu_cocytus_islands, sprint_mu_zot1]

Skill      XL: |  1  2  3 |
---------------+----------+-----
Stealth        | 2 4 5 |  5.5
Fighting       | 4 5 |  5.0
Dodging        | 5 6 |  6.6
Unarmed Combat | 5 |  5.6

Action                   |  1- 3 |  4- 6 || total
-------------------------+-------+-------++-------
Melee: Unarmed           |    24 |     5 ||    29
       Bite              |     3 |     2 ||     5
       Punch             |       |     1 ||     1
  Use: Potion            |       |     2 ||     2
 Stab: Sleeping          |     3 |       ||     3
Dodge: Dodged            |    16 |     3 ||    19

Table legend:
 A = Non-vault XP
 B = Vault XP
 C = Vault XP percentage of total XP
 D = Non-vault monster count
 E = Vault monster count
 F = Vault count percentage of total count
                 A         B        C        D         E       F
            +---------+---------+-------+---------+---------+-------
      Total |       0 |     109 | 100.0 |       0 |       6 | 100.0
            +---------+---------+-------+---------+---------+-------
          D |       0 |     109 | 100.0 |       0 |       6 | 100.0
            +---------+---------+-------+---------+---------+-------
